 Dungeon Crawl Stone Soup version 0.31-a0-177-g4aa6249778 (webtiles) character file.

Game seed: 2047814937061110319

747 dohlik the Ruffian (level 7, 0/67 HPs)
             Began as a Troll Berserker on June 18, 2023.
             Was a Believer of Trog.
             Slain by a centaur (1 damage)
             ... on level 5 of the Dungeon.
             The game lasted 00:09:48 (2656 turns).

dohlik the Ruffian (Troll Berserker)                Turns: 2656, Time: 00:09:48

Health: 0/67       AC:  4    Str: 27 (28) XL:     7   Next: 48%
Magic:  6/6        EV: 10    Int:  2 (3)  God:    Trog [**....]
Gold:   226        SH:  0    Dex:  7 (9)  Spells: 6/6 levels left

rFire   . .          .
                       - Unarmed
rCold   . . .        (no shield)
rNeg    . . .        a - +0 animal skin
rPois   .            (helmet restricted)
rElec   .            (no cloak)
rCorr   .            (gloves unavailable)
SInv    .            (boots unavailable)
Will    ++...        (no amulet)
Stlth   +            (no ring)
HPRegen 2.11/turn    (no ring)
MPRegen 0.10/turn

%: no passive effects
@: strong-willed, on berserk cooldown, regenerating, slowed, very slow
A: large, unfitting armour, claws 3, regeneration 1, shaggy fur 1, tough skin 1
a: Renounce Religion, Berserk, Trog's Hand


You were on level 5 of the Dungeon.
You worshipped Trog.
Trog was pleased with you.
You visited 1 branch of the dungeon, and saw 5 of its levels.

You collected 226 gold pieces.

Inventory:

Missiles
 f - 5 curare-tipped darts
 g - 5 boomerangs of dispersal
 i - 3 throwing nets
Armour
 a - a +0 animal skin (worn)
Wands
 o - a wand of mindburst (12)
 p - a wand of charming (8)
Scrolls
 c - 2 scrolls of revelation
 d - a scroll of amnesia {unknown}
 e - a scroll of fog
 h - 3 scrolls of identify {unknown}
 j - 2 scrolls of vulnerability {unknown}
 k - a scroll of silence {unknown}
 l - 2 scrolls of blinking {unknown}
 q - a scroll of teleportation {unknown}
 s - a scroll of noise {unknown}
 u - a scroll of fear {unknown}
Potions
 n - a potion of brilliance {unknown}
 r - a potion of curing {unknown}
 t - a potion of ambrosia {unknown}


   Skills:
 + Level 3.4 Fighting
 + Level 4.0 Dodging
 - Level 0.2 Stealth
 + Level 7.3 Unarmed Combat


You had 6 spell levels left.
You didn't know any spells.
Your spell library was empty.

Dungeon Overview and Level Annotations

Branches:
Dungeon (5/15)
 Temple: D:4-7

Altars:
Elyvilon
Kikubaaqudgha
Trog
Uskayaw


Innate Abilities, Weirdness & Mutations

You are too large for most types of armour.
You have claws for hands.
Your natural rate of healing is unusually fast.
You are covered in fur. (AC +1)
You have tough skin. (AC +1)


Message History

* * * LOW HITPOINT WARNING * * *
The ufetubus closely misses you. The gnoll barely misses you.
The gnoll hits you with a +0 whip.
* * * LOW HITPOINT WARNING * * *
An orc comes into view. It is wielding a +0 hand axe.
The ufetubus barely misses you.
The ufetubus hits you but does no damage.
A howler monkey comes into view.
The gnoll hits you but does no damage. The gnoll hits you with a +0 club.
* * * LOW HITPOINT WARNING * * *
It was a potion of heal wounds.
You feel much better. The ufetubus hits you. x2
The ufetubus hits you but does no damage. x2
The gnoll hits you with a +0 club.
An ice beast comes into view.
The gnoll hits you with a +0 whip. The ufetubus hits you.
The ufetubus hits you but does no damage.
A centaur comes into view.
Okay, then.
As you read the scroll labelled VEQOHOI IGAGGER, it dissolves into smoke.
It was a scroll of fog.
The sentinel's mark upon you fades away.
The ufetubus completely misses you.
The ufetubus hits you but does no damage.
The gnoll hits you with a +0 whip!
* * * LOW HITPOINT WARNING * * *
The gnoll hits you but does no damage. The gnoll hits you with a +0 club.
* * * LOW HITPOINT WARNING * * *
The gnoll hits you with a +0 whip!
* * * LOW HITPOINT WARNING * * *
The centaur moves out of view.
You rip the net and break free!
The centaur unwields a +0 shortbow.
The centaur hits you.
* * * LOW HITPOINT WARNING * * *
The centaur barely misses you. The gnoll completely misses you.
The gnoll hits you with a +0 whip.
* * * LOW HITPOINT WARNING * * *
The centaur hits you.
* * * LOW HITPOINT WARNING * * *
The centaur kicks you.
You die...

,,,*,,,* #..........#
,*,*,,,**###.h........##
,+,',,,',ch..c........##
,*+*,,,**#####..o.######
,,,,,,,,*#####....######
,,,,,,,,,..###.oo.######
,,,,,,,,,..###.5O{######
,,,,,,,,,..#####c#######
,,,,,,,,,....###@#######****
,,,,,,,,*###Y§ogg#####..,,,*
*,,,,,,,*######YS#####.#**,*
*,,,,,,,,..#...........# *,*
*****'*,*#.#........####**,*
,,,,,,**,..#............,,,*
,,,,,,,,,..#..........##****
,,,,,**,,..#.......#.>##
,,,,,,,^,,,*,,,,,,,*,,*


You could see an ice beast, an ogre, a centaur, 2 gnolls, an adder, an orc and
an ufetubus.

Vanquished Creatures
  Grinder (D:3)
  2 scorpions
  2 hounds
  A jelly (D:4)
  An iguana (D:4)
  Jessica (D:2)
  Terence (D:2)
  Natasha (thrice) (D:3)
  2 adders
  6 gnolls
  An ufetubus (D:4)
  2 worms
  5 orcs
  6 bats
  8 endoplasms
  2 giant cockroaches
  3 goblins
  8 hobgoblins
  7 jackals
  7 kobolds
  2 quokkas (D:1)
  10 ball pythons
  3 frilled lizards (D:1)
  4 rats
88 creatures vanquished.

Vanquished Creatures (others)
  An orc wizard (D:5)
1 creature vanquished.

Grand Total: 89 creatures vanquished

Notes
Turn   | Place    | Note
-------+----------+-------------------------------------------
     0 | D:1      | dohlik the Troll Berserker began the quest for the Orb.
     0 | D:1      | Reached XP level 1. HP: 22/22 MP: 0/0
   164 | D:1      | Reached XP level 2. HP: 29/29 MP: 1/1
   255 | D:1      | Reached XP level 3. HP: 36/36 MP: 2/2
   285 | D:1      | Reached ** piety under Trog
   990 | D:2      | Reached skill level 4 in Unarmed Combat
   990 | D:2      | Reached XP level 4. HP: 38/45 MP: 3/3
  1085 | D:2      | Found a faded altar of an unknown god.
  1254 | D:2      | Noticed Jessica
  1263 | D:2      | Noticed Terence
  1275 | D:2      | Killed Terence
  1279 | D:2      | Killed Jessica
  1280 | D:2      | Reached XP level 5. HP: 53/53 MP: 4/4
  1697 | D:3      | Noticed Natasha
  1707 | D:3      | Killed Natasha
  1760 | D:3      | Found a hide-covered altar of Uskayaw.
  1798 | D:3      | Noticed Grinder
  1811 | D:3      | Killed Grinder
  1812 | D:3      | Reached skill level 5 in Unarmed Combat
  1812 | D:3      | Reached XP level 6. HP: 32/61 MP: 5/5
  1833 | D:3      | Noticed Natasha
  1837 | D:3      | Killed Natasha
  1838 | D:3      | Reached skill level 6 in Unarmed Combat
  2054 | D:3      | Found an ancient bone altar of Kikubaaqudgha.
  2054 | D:3      | Noticed Natasha
  2060 | D:3      | Killed Natasha
  2356 | D:4      | Reached XP level 7. HP: 65/67 MP: 6/6
  2373 | D:4      | Found a bloodstained altar of Trog.
  2446 | D:4      | Found a white marble altar of Elyvilon.
  2475 | D:4      | Reached skill level 7 in Unarmed Combat
  2613 | D:4      | Reached *** piety under Trog
  2619 | D:5      | Entered Level 5 of the Dungeon
  2656 | D:5      | HP: 1/67 [centaur (6)]
  2656 | D:5      | Slain by a centaur

Illustrated notes

Levels and vault maps discovered:
D:1:      psy_arrival_statuary, layout_loops_ring, minmay_tall_x
D:2:      layout_loops_ring, basic_ecumenical_altar, roderic_roman_lattice,
          kennysheep_generic_room_9, uniq_terence, uniq_jessica
D:3:      minmay_spotlight, layout_loops_ring, kiku_gazebo_pond_becter,
          mainiacjoe_overflow_boulevard, uniq_natasha, uniq_grinder
D:4:      layout_rooms, mainiacjoe_overflow_big_doors
D:5:      layout_basic, grunt_gozag_statues, nicolae_overflow_crystal_walls,
          marbit_many_paths

Skill      XL: |  1  2  3  4  5  6  7 |
---------------+----------------------+-----
Fighting       | 3 |  3.4
Dodging        | 3 4 |  4.0
Unarmed Combat | 4 5 6 7 |  7.3
Stealth        | |  0.2

Action                     |  1- 3 |  4- 6 |  7- 9 || total
---------------------------+-------+-------+-------++-------
  Melee: Unarmed           |    71 |    98 |    29 ||   198
         Punch             |     2 |     1 |     1 ||     4
 Invoke: Berserk           |       |     2 |     2 ||     4
         Trog's Hand       |       |     2 |     1 ||     3
    Use: Scroll            |       |       |     2 ||     2
         Potion            |       |       |     2 ||     2
   Stab: Sleeping          |     1 |     1 |       ||     2
 Armour: Animal skin       |    13 |    22 |    15 ||    50
  Dodge: Dodged            |    36 |    51 |    26 ||   113

Table legend: (Time is in decaauts)
 A = Elapsed time spent in this place.
 B = Non-inter-level travel time spent in this place.
 C = Inter-level travel time spent in this place.
 D = Time resting spent in this place.
 E = Time spent auto-exploring this place.
 F = Levels seen in this place.
 G = Mean time per level.
                   A        B        C        D        E       F      G
               +--------+--------+--------+--------+--------+-----+--------+
         Total |   2693 |   2623 |     70 |      0 |   2046 |   5 |  538.6 |
       Dungeon |   2693 |   2623 |     70 |      0 |   2046 |   5 |  538.6 |
               +--------+--------+--------+--------+--------+-----+--------+

Top non-repeatable levels by time:
     D:2: 775 daAuts
     D:1: 763 daAuts
     D:3: 711 daAuts
     D:4: 406 daAuts
     D:5: 36 daAuts
